 Dungeon Crawl Stone Soup version 0.29-a0-284-gf9362112df (webtiles) character file.

Game seed: 3493355908198170776

393 sammy202020 the Skirmisher (level 6, -4/50 HPs)
             Began as a Demonspawn Berserker on Mar 21, 2022.
             Was a Believer of Trog.
             Slain by an orc
             ... wielding a +0 mace
              (5 damage)
             ... on level 5 of the Dungeon.
             The game lasted 00:04:11 (3722 turns).

sammy202020 the Skirmisher (Demonspawn Berserker)   Turns: 3722, Time: 00:04:12

Health: -4/50      AC: 11    Str: 19    XL:     6   Next: 51%
Magic:  2/2        EV:  6    Int: 10    God:    Trog [**....]
Gold:   167        SH:  0    Dex: 13    Spells: 5/5 levels left

rFire   . . .      SeeInvis +   d - +3 mace "Itutewki" {antimagic, rPois}
rCold   . . .      Faith    .   (no shield)
rNeg    . . .      Spirit   .   q - +0 plate armour
rPois   +          Reflect  .   (no helmet)
rElec   .          Harm     .   (no cloak)
rCorr   .          Rampage  .   (no gloves)
Will    .....                   (no boots)
Stlth   ..........              (no amulet)
HPRegen 0.16/turn               i - ring of see invisible
MPRegen 0.08/turn               (no ring)

@: on berserk cooldown, slowed, very slow
A: claws 1, powered by pain 1, big brain 1
a: Renounce Religion, Berserk, Trog's Hand


You were on level 5 of the Dungeon.
You worshipped Trog.
Trog was pleased with you.
You visited 1 branch of the dungeon, and saw 4 of its levels.

You collected 167 gold pieces.

Inventory:

Hand Weapons
 a - a +0 hand axe
 d - the +3 mace "Itutewki" (weapon) {antimagic, rPois}
   (You found it on level 3 of the Dungeon)

   It reduces the magical energy of the wielder, and disrupts the spells and
   magical abilities of those it strikes.
   Natural abilities and divine invocations are not affected.
   rPois:     It protects you from poison.
 o - a +0 hand crossbow
 p - a +0 flail
Missiles
 s - 4 atropa-tipped darts (quivered)
Armour
 k - the +2 ring mail of the Six Realms {Str+3}
   (You found it on level 2 of the Dungeon)

   Str:       It affects your strength (+3).
 q - a +0 plate armour (worn)
Jewellery
 i - a ring of see invisible (left claw)
Scrolls
 c - 4 scrolls of identify {unknown}
 g - a scroll of noise {unknown}
 m - a scroll of blinking {unknown}
 n - a scroll of immolation {unknown}
Potions
 b - 2 potions of ambrosia {unknown}
 e - a potion of flight {unknown}
 f - a potion of magic {unknown}
 h - 2 potions of heal wounds {unknown}
 j - a potion of lignification {unknown}
 l - a potion of attraction {unknown}
 r - a potion of curing {unknown}


   Skills:
 * Level 4.8 Fighting
 - Level 3.9(4.0) Axes
 + Level 0.7(2.5) Maces & Flails
 * Level 3.7 Armour
 + Level 2.7 Dodging


You had 5 spell levels left.
You didn't know any spells.
Your spell library was empty.

Dungeon Overview and Level Annotations

Branches:
Dungeon (3/15)

Altars:


Innate Abilities, Weirdness & Mutations

You have sharp fingernails.
You sometimes gain a little power by taking damage.
You have an unusually large brain. (Int +2)


Message History

The orc hits you with a +0 mace.
* * * LOW HITPOINT WARNING * * *
The black bear barely misses you.
The black bear claws you but does no damage. x2
You closely miss the black bear.
The black bear is lightly wounded.
The orc hits you but does no damage. The orc barely misses you.
The black bear bites you but does no damage.
The black bear claws you but does no damage. x2
The orc hits you but does no damage. The orc hits you with a +0 mace.
* * * LOW HITPOINT WARNING * * *
The black bear bites you but does no damage.
The black bear claws you.
* * * LOW HITPOINT WARNING * * *
The black bear closely misses you.
You barely miss the black bear.
The black bear is lightly wounded.
The orc hits you but does no damage. x2
The black bear bites you but does no damage.
The black bear claws you but does no damage. x2
The orc hits you but does no damage. The orc barely misses you.
The black bear barely misses you.
The black bear claws you but does no damage.
The black bear closely misses you.
You hit the orc.
The orc is moderately wounded.
The orc hits you with a +0 mace.
* * * LOW HITPOINT WARNING * * *
The orc barely misses you.
The black bear bites you but does no damage.
The black bear claws you but does no damage.
The black bear claws you.
* * * LOW HITPOINT WARNING * * *
You closely miss the orc.
The orc is moderately wounded.
The orc hits you but does no damage. The black bear barely misses you.
The black bear claws you.
* * * LOW HITPOINT WARNING * * *
The black bear barely misses you. The orc hits you with a +0 mace.
You die...

..... ..... ......
.).... ### #......
##.##.......
###.o#o†...#
##...oo@...#
###.....##h#####
##....#....o....##
###.....#..........#
##.#.....#...........
#....................
#....#...###........#
###........#
#>.......#
##..........#
...<......


You could see a black bear and 5 orcs.

Vanquished Creatures
  An orc warrior (D:3)
  A phantom (D:5)
  Terence (D:2)
  2 orc wizards
  7 adders
  An ufetubus (D:5)
  4 dart slugs
  5 orcs
  5 bats
  8 endoplasms
  5 giant cockroaches
  7 goblins
  3 hobgoblins (D:1)
  A jackal (D:5)
  4 kobolds
  3 quokkas
  5 ball pythons
  3 frilled lizards
  4 rats
70 creatures vanquished.

Vanquished Creatures (others)
  A plant (D:2)
1 creature vanquished.

Grand Total: 71 creatures vanquished

Notes
Turn   | Place    | Note
-------+----------+-------------------------------------------
     0 | D:1      | sammy202020 the Demonspawn Berserker began the quest for
                  | the Orb.
     0 | D:1      | Reached XP level 1. HP: 18/18 MP: 1/1
   325 | D:1      | Gained mutation: You have an unusually large brain. (Int
                  | +2) [demonic ancestry]
   325 | D:1      | Reached XP level 2. HP: 23/24 MP: 2/2
  1533 | D:2      | Noticed Terence
  1550 | D:2      | Killed Terence
  1551 | D:2      | Reached XP level 3. HP: 16/29 MP: 3/3
  1726 | D:2      | Identified the +2 ring mail of the Six Realms {Str+3}
  2216 | D:2      | Reached XP level 4. HP: 37/37 MP: 4/4
  2994 | D:3      | Reached skill level 4 in Fighting
  2994 | D:3      | Gained mutation: You have sharp fingernails. [demonic
                  | ancestry]
  2994 | D:3      | Reached XP level 5. HP: 36/42 MP: 5/5
  3163 | D:3      | Noticed an orc warrior
  3179 | D:3      | HP: 3/63 [orc warrior/+0 short sword (10)]
  3180 | D:3      | Killed an orc warrior
  3183 | D:3      | HP: 1/64 [orc/+0 dagger (2)]
  3523 | D:3      | Identified the +3 mace "Itutewki" {antimagic, rPois}
  3530 | D:3      | Gained mutation: You sometimes gain a little power by
                  | taking damage. [demonic ancestry]
  3530 | D:3      | Reached XP level 6. HP: 45/49 MP: 2/6
  3637 | D:3      | You fall into a shaft and drop 2 floors!
  3637 | D:5      | Entered Level 5 of the Dungeon
  3711 | D:5      | Reached ** piety under Trog
  3721 | D:5      | HP: 2/50 [black bear (3)]
  3722 | D:5      | Slain by an orc

Illustrated notes

Levels and vault maps discovered:
D:1:      lightli_arrival_farm, layout_basic
D:2:      layout_loops_ring, serial_bayou_crossing, uniq_terence
D:3:      layout_basic, gup_sewer_entry_bowl, hangedman_abyss_or_decor_stabs
D:5:      layout_cave_pools

Skill      XL: |  1  2  3  4 |
---------------+-------------+-----
Armour         | 2 3 |  3.7
Axes           | 3 |  3.9
Dodging        | 2 |  2.7
Fighting       | 4 |  4.8
Maces & Flails | |  0.7

Action                   |  1- 3 |  4- 6 || total
-------------------------+-------+-------++-------
Melee: Hand axe          |   128 |    83 ||   211
       Punch             |     1 |     3 ||     4
       Mace              |       |    49 ||    49
Invok: Berserk           |     1 |     2 ||     3
Armor: Chain mail        |    59 |       ||    59
       Animal skin       |     3 |       ||     3
       Ring mail         |    13 |    35 ||    48
       Plate armour      |       |    98 ||    98
Dodge: Dodged            |    60 |    97 ||   157

Table legend: (Time is in decaauts)
 A = Elapsed time spent in this place.
 B = Non-inter-level travel time spent in this place.
 C = Inter-level travel time spent in this place.
 D = Time resting spent in this place.
 E = Time spent auto-exploring this place.
 F = Levels seen in this place.
 G = Mean time per level.
                   A        B        C        D        E       F      G
               +--------+--------+--------+--------+--------+-----+--------+
         Total |   3800 |   3800 |      0 |      0 |   3170 |   4 |  950.0 |
       Dungeon |   3800 |   3800 |      0 |      0 |   3170 |   4 |  950.0 |
               +--------+--------+--------+--------+--------+-----+--------+

Top non-repeatable levels by time:
     D:1: 1486 daAuts
     D:2: 1299 daAuts
     D:3: 923 daAuts
     D:5: 90 daAuts
